 Dungeon Crawl Stone Soup version 0.22-a0-126-g307c7c3 (webtiles) character file.

5919 KristoblXynda the Covert (level 10, 0/78 HPs)
             Began as a Naga Transmuter on Jan 30, 2018.
             Was an Elder of Uskayaw.
             Slain by an iguana (6 damage)
             ... on level 10 of the Dungeon.
             The game lasted 00:28:44 (12700 turns).

KristoblXynda the Covert (Naga Transmuter)         Turns: 12700, Time: 00:28:45

Health: 0/78       AC:  2    Str: 13    XL:     10   Next: 83%
Magic:  0/14       EV: 19    Int: 19    God:    Uskayaw [****..]
Gold:   596        SH:  0    Dex: 17    Spells: 9/13 levels left

rFire    . . .     SeeInvis +     - Unarmed
rCold    . . .     Gourm    .   (shield currently unavailable)
rNeg     . . .     Faith    .   (armour currently unavailable)
rPois    x         Spirit   +   (helmet currently unavailable)
rElec    .         Reflect  .   (cloak currently unavailable)
rCorr    .         Harm     .   (gloves currently unavailable)
MR       ++...                  (no barding)
Stlth    +++++.....             b - amulet of guardian spirit
HPRegen  0.23/turn              s - ring of protection from magic
MPRegen  0.14/turn              n - +3 ring of intelligence

@: spider-form
A: tiny, see invisible, slow metabolism 1, spit poison 1, AC +3
a: Spit Poison, End Transformation, Stomp, Line Pass, Renounce Religion


You were on level 10 of the Dungeon.
You worshipped Uskayaw.
Uskayaw was noncommittal.
You were very hungry.
You were a venomous arachnid creature.
You visited 2 branches of the dungeon, and saw 11 of its levels.

You collected 596 gold pieces.

Inventory:

Missiles
 a - 34 arrows
 j - a throwing net (quivered)
Armour
 o - a +3 leather armour of magic resistance (melded)
 q - a scarf of cloud immunity (melded)
Jewellery
 b - an amulet of guardian spirit (around neck)
 i - a +2 ring of intelligence
 n - a +3 ring of intelligence (right front leg)
 s - a ring of protection from magic (left front leg)
Wands
 e - a wand of clouds (7)
 v - a wand of scattershot (2)
 x - a wand of iceblast (11)
Scrolls
 g - a scroll of magic mapping
 h - a scroll of identify
 k - 7 scrolls of remove curse
 m - 2 scrolls of blinking
 t - 3 scrolls of teleportation
 y - a scroll of enchant armour
Potions
 l - a potion of ambrosia
 r - a potion of cancellation
 u - a potion of haste {unknown}
 w - 2 potions of heal wounds
 z - a potion of degeneration {unknown}
 A - a potion of might
 B - a potion of invisibility {unknown}
 C - a potion of brilliance {unknown}
Books
 c - a book of Changes

   Spells                             Type                      Level
   a - Beastly Appendage              Transmutation                1
   b - Sticks to Snakes               Transmutation                2
   c - Spider Form                    Transmutation/Poison         3
   d - Ice Form                       Ice/Transmutation            4
   e - Blade Hands                    Transmutation                5
 p - a book of Misfortune

   Spells                             Type                      Level
   a - Confusing Touch                Hexes                        1
   b - Confuse                        Hexes                        3
   c - Gell's Gravitas                Translocation                3
   d - Petrify                        Transmutation/Earth          4
   e - Metabolic Englaciation         Hexes/Ice                    5
   f - Yara's Violent Unravelling     Hexes/Transmutation          5
 D - a book of Geomancy

   Spells                             Type                      Level
   a - Sandblast                      Earth                        1
   b - Passwall                       Transmutation/Earth          2
   c - Stone Arrow                    Conjuration/Earth            3
   d - Petrify                        Transmutation/Earth          4
   e - Lee's Rapid Deconstruction     Earth                        5
Comestibles
 d - 16 rations


   Skills:
 - Level 1.0 Fighting
 - Level 2.0 Dodging
 - Level 10.0 Stealth
 - Level 10.0 Unarmed Combat
 - Level 2.0 Spellcasting
 + Level 8.7 Transmutations
 + Level 5.3 Invocations
 + Level 4.3 Evocations


You had 9 spell levels left.
You knew the following spells:

 Your Spells              Type           Power        Failure   Level  Hunger
a - Beastly Appendage     Tmut           #####.       3%          1    #......
b - Spider Form           Tmut/Pois      ###.......   22%         3    ###....


Dungeon Overview and Level Annotations

Branches:
Dungeon (10/15)            Temple (1/1) D:6
   Lair: D:8-11         Orc: D:9-12

Altars:
Ashenzari
Cheibriados
Dithmenos
Elyvilon
Fedhas
Gozag
Hepliaklqana
Kikubaaqudgha
Makhleb
Nemelex Xobeh
Okawaru
Qazlal
Ru
Sif Muna
Trog
Uskayaw
Vehumet
Wu Jian
Xom
Yredelemnul
Zin
The Shining One

Shops:
D:4 =

Annotations:
D:4 tilp's ghost, amateur MfIE


Innate Abilities, Weirdness & Mutations

You cannot wear boots.
((Your serpentine skin is tough. (AC +3)))
You have supernaturally acute eyesight. (SInv)
((Armour fits poorly on your strangely shaped body.))
((Your system is resistant to poisons. (rPois)))
((You cover ground very slowly.))
You have a slow metabolism.
You can spit poison.


Message History

The orc wizard is no longer paralysed.
The iguana completely misses you. The orc wizard hits you with a dagger.
* * * LOW HITPOINT WARNING * * *
You see here a giant club.
Okay, then.
You closely miss the iguana.
You kill the orc wizard!
The iguana barely misses you.
You bite the iguana!
The iguana is poisoned.
The iguana is heavily wounded.
The iguana bites you!
* * * LOW HITPOINT WARNING * * *
Uskayaw will force your foes to share their pain.
Uskayaw links your audience in an emotional bond!
You feel better. The iguana bites you!
* * * LOW HITPOINT WARNING * * *
You hit the iguana.
The iguana looks as sick as possible!
The iguana is almost dead.
The iguana bites you!
You die...

####### ############
....... #..........#
....... ###..........#
.......
..'..........#####.......
###..........#..sl)......
#........>.#.###..5....
#..........'.# .......
#........>.### .[.....
#..........# .......
###+######## .......
####.## ..


You could see an iguana and a crimson imp.

Vanquished Creatures
  The ghost of tilp the Spear-Bearer, a novice MfIE of Makhleb (D:7)
  Joseph (D:9)
  2 hippogriffs (D:9)
  A yak (D:8)
  Eustachio (D:4)
  3 hogs (D:8)
  A human (D:8)
  Menkaure (D:7)
  Duvessa (D:5)
  A necrophage (D:10)
  An orc warrior (D:10)
  2 phantoms
  2 ice beasts
  6 ogres
  2 centaurs
  Blork the orc (D:6)
  8 bullfrogs
  Dowan (D:5)
  2 scorpions
  9 killer bees
  4 wights (D:6)
  5 crimson imps
  2 gnoll shamans
  3 hounds
  4 jellies
  3 orc priests
  Ijyb (D:5)
  2 orc wizards
  Terence (D:2)
  3 iguanas
  9 worker ants
  8 adders
  5 gnolls (D:4)
  An ooze (D:4)
  An adder zombie (D:4)
  An adder skeleton (D:6)
  2 worms
  5 dart slugs
  4 leopard geckos
  12 orcs
  4 bats
  9 giant cockroaches
  5 goblins
  5 hobgoblins
  9 kobolds
  7 quokkas
  A ball python (D:3)
  2 frilled lizards
  5 leopard gecko skeletons
  8 rats
178 creatures vanquished.

Notes
Turn   | Place    | Note
-------+----------+-------------------------------------------
     0 | D:1      | KristoblXynda the Naga Transmuter began the quest for the Orb.
     0 | D:1      | Reached XP level 1. HP: 18/18 MP: 3/3
   217 | D:1      | Reached XP level 2. HP: 21/25 MP: 5/5
   596 | D:1      | You fall through a shaft!
  1008 | D:2      | Reached XP level 3. HP: 23/31 MP: 6/6
  1017 | D:2      | Learned a level 3 spell: Spider Form
  1835 | D:2      | Noticed Terence
  1864 | D:2      | Killed Terence
  1864 | D:2      | Reached skill level 1 in Stealth
  1864 | D:2      | Reached XP level 4. HP: 10/38 MP: 5/7
  2172 | D:3      | Found an iron altar of Okawaru.
  2330 | D:3      | Reached XP level 5. HP: 28/44 MP: 6/8
  3016 | D:4      | Noticed an ogre
  3024 | D:4      | Killed an ogre
  3024 | D:4      | Reached skill level 5 in Unarmed Combat
  3103 | D:4      | Reached XP level 6. HP: 28/51 MP: 1/9
  3898 | D:4      | Reached XP level 7. HP: 47/57 MP: 3/10
  4293 | D:4      | Noticed tilp's ghost (amateur MfIE)
  4334 | D:4      | Found Didonog's Jewellery Shoppe.
  4662 | D:4      | Found a bloodstained altar of Trog.
  4727 | D:4      | Reached skill level 5 in Stealth
  5231 | D:4      | Found a hazy altar of Hepliaklqana.
  5232 | D:4      | Found a sacrificial altar of Ru.
  5515 | D:5      | Entered Level 5 of the Dungeon
  5530 | D:5      | Noticed Dowan
  5533 | D:5      | Noticed Duvessa
  5536 | D:5      | Noticed Eustachio
  5551 | D:5      | Killed Duvessa
  5568 | D:4      | Killed Eustachio
  5568 | D:4      | Reached XP level 8. HP: 61/64 MP: 7/11
  5610 | D:5      | Killed Dowan
  5680 | D:5      | Reached skill level 5 in Transmutations
  5955 | D:5      | Found a blossoming altar of Fedhas.
  6088 | D:5      | Noticed Ijyb
  6097 | D:5      | Killed Ijyb
  7160 | D:6      | Found a staircase to the Ecumenical Temple.
  7166 | Temple   | Entered the Ecumenical Temple
  7610 | Temple   | Became a worshipper of Uskayaw the Reveler
  7650 | D:6      | Reached * piety under Uskayaw
  7669 | D:6      | Noticed Blork the orc
  7679 | D:6      | Reached ** piety under Uskayaw
  7687 | D:6      | Killed Blork the orc
  7687 | D:6      | Reached *** piety under Uskayaw
  7876 | D:6      | Reached XP level 9. HP: 70/70 MP: 10/12
  8291 | D:7      | Noticed Menkaure
  8299 | D:7      | Killed Menkaure
  8337 | D:7      | Noticed tilp's ghost (novice MfIE)
  8357 | D:7      | Killed tilp's ghost
  8750 | D:7      | HP: 1/105 [orc priest/enchanted short sword (5)]
  9712 | D:7      | Reached **** piety under Uskayaw
 10098 | D:8      | Reached skill level 10 in Stealth
 10205 | D:8      | Found a shadowy altar of Dithmenos.
 10235 | D:8      | Reached skill level 1 in Invocations
 10326 | D:8      | Reached skill level 10 in Unarmed Combat
 10326 | D:8      | Reached XP level 10. HP: 40/78 MP: 13/13
 10475 | D:8      | Reached skill level 1 in Evocations
 10519 | D:8      | Found a sacrificial altar of Ru.
 10948 | D:8      | Reached ***** piety under Uskayaw
 11952 | D:9      | Noticed Joseph
 11969 | D:9      | Killed Joseph
 12235 | D:9      | Found a stormy altar of Qazlal.
 12313 | D:9      | Reached skill level 5 in Invocations
 12614 | D:10     | Entered Level 10 of the Dungeon
 12700 | D:10     | Slain by an iguana

Vault maps used:
D:1:      grunt_arrival_lava_bath
D:2:      uniq_terence
D:3:      first_ration, okawaru_trees_2
D:4:      kennysheep_six_static_rooms, gammafunk_temple_overflow_statue,
          serial_shops, nicolae_shop_temple_entry_statues_fountains,
          minmay_misc_feat_alley, lemuel_tele_altar
D:5:      fedhas_altar_2, st_stairs_1, uniq_ijyb, uniq_eustachio, uniq_duvessa
D:6:      minmay_temple_entry_statues_fountains, hangedman_decor_diamond_cutter,
          uniq_blork_the_orc
D:7:      uniq_menkaure
D:8:      grunt_dithmenos_smoke_and_mirrors, basic_altar, grunt_livestock,
          wad_dig_loot
D:9:      nicolae_qazlal_general_emergency, uniq_joseph
D:10:     david_orc_4, serial_shops, shop_fountains, uniq_fannar, uniq_grum
Temple:   dpeg_five_rooms_temple

Skill      XL: |  1  2  3  4  5  6  7  8  9 10 |
---------------+-------------------------------+-----
Dodging        | 2 |  2.0
Unarmed Combat | 4 5 7 8 10 | 10.0
Stealth        | 1 2 3 4 6 8 10 | 10.0
Transmutations | 3 4 5 7 8 |  8.7
Invocations    | 1 5 |  5.3
Evocations     | 4 |  4.3
Fighting       | |  1.0
Spellcasting   | |  2.0

Action                   |  1- 3 |  4- 6 |  7- 9 | 10-12 || total
-------------------------+-------+-------+-------+-------++-------
Melee: Unarmed           |   158 |   119 |   414 |   181 ||   872
       Headbutt          |     8 |     5 |    16 |     5 ||    34
       Punch             |       |     3 |     9 |     8 ||    20
 Cast: Beastly Appendage |     5 |     4 |    12 |     3 ||    24
       Spider Form       |       |     3 |    14 |     5 ||    22
 Abil: Spit Poison       |    18 |    10 |    12 |    10 ||    50
Evoke: Wand              |       |       |     3 |     1 ||     4
  Use: Scroll            |     1 |     1 |     9 |     7 ||    18
       Potion            |       |       |     6 |     1 ||     7
 Stab: Sleeping          |     1 |       |    14 |     1 ||    16
       Paralysed         |       |       |     4 |    10 ||    14
       Distracted        |       |       |       |     2 ||     2
  Eat: Chunk             |     3 |     4 |     8 |     3 ||    18
       Ration            |       |     1 |     3 |     1 ||     5
Armor: Robe              |    32 |       |       |       ||    32
       Leather armour    |       |    41 |    73 |    28 ||   142
       Skin              |       |       |     6 |     1 ||     7
Dodge: Dodged            |    97 |    89 |   242 |   101 ||   529

Table legend:
 A = Spawn XP
 B = Non-spawn XP
 C = Spawn XP percentage of total XP
 D = Spawn monster count
 E = Non-spawn monster count
 F = Spawn count percentage of total count
 G = Total turns spent on level
                    A         B        C        D         E        F      G
               +---------+---------+-------+---------+---------+-------+---------
         Total |       0 |    8457 |   0.0 |       0 |     178 |   0.0 | 12700
               +---------+---------+-------+---------+---------+-------+---------
           D:1 |       0 |      28 |   0.0 |       0 |      14 |   0.0 |   972
           D:2 |       0 |      88 |   0.0 |       0 |      22 |   0.0 |  1131
           D:3 |       0 |      65 |   0.0 |       0 |      18 |   0.0 |   566
           D:4 |       0 |     996 |   0.0 |       0 |      29 |   0.0 |  2871
           D:5 |       0 |     512 |   0.0 |       0 |      13 |   0.0 |   903
           D:6 |       0 |     784 |   0.0 |       0 |      21 |   0.0 |  1170
           D:7 |       0 |    1663 |   0.0 |       0 |      19 |   0.0 |  1997
           D:8 |       0 |    2252 |   0.0 |       0 |      23 |   0.0 |  1570
           D:9 |       0 |    1565 |   0.0 |       0 |      13 |   0.0 |   968
          D:10 |       0 |     504 |   0.0 |       0 |       6 |   0.0 |    78
               +---------+---------+-------+---------+---------+-------+---------
